 Dungeon Crawl Stone Soup version 0.27-a0-955-gb57c80000f (webtiles) character file.

Game seed: 971615573437889800

48 Ijustatesigmund the Skirmisher (level 3, -5/29 HPs)
             Began as a Demonspawn Fighter on Apr 12, 2021.
             Slain by Crazy Yiuf
             ... wielding a +3 quarterstaff of chaos
              (10 damage)
             ... on level 2 of the Dungeon.
             The game lasted 00:02:39 (1564 turns).

Ijustatesigmund the Skirmisher (Demonspawn Fighter) Turns: 1564, Time: 00:02:39

Health: -5/29      AC: 10    Str: 16    XL:     3   Next: 50%
Magic:  3/3        EV:  7    Int:  9    God:
Gold:   49         SH:  8    Dex: 13    Spells: 1/2 levels left

rFire    + . .     SeeInvis .   a - +0 war axe
rCold    . . .     Faith    .   c - +0 kite shield
rNeg     . . .     Spirit   .   b - +0 scale mail
rPois    .         Reflect  .   l - +2 helmet
rElec    .         Harm     .   (no cloak)
rCorr    .         Rampage  .   (no gloves)
Will     .....                  (no boots)
Stlth    ..........             (no amulet)
HPRegen  0.09/turn              h - ring of protection from fire
MPRegen  0.08/turn              (no ring)

@: invisible
A: sharp scales 1
a: no special abilities


You were on level 2 of the Dungeon.
You visited 1 branch of the dungeon, and saw 2 of its levels.

You collected 49 gold pieces.

Inventory:

Hand Weapons
 a - a +0 war axe (weapon)
Armour
 b - a +0 scale mail (worn)
 c - a +0 kite shield (worn)
 l - a +2 helmet (worn)
Jewellery
 h - a ring of protection from fire (left hand)
Wands
 j - a wand of flame (16)
Scrolls
 e - a scroll of enchant weapon {unknown}
 g - a scroll of identify {unknown}
 i - a scroll of fear {unknown}
Potions
 d - a potion of might
 f - a potion of haste {unknown}


   Skills:
 + Level 3.4 Fighting
 * Level 2.8 Axes
 - Level 2.6 Armour
 + Level 1.2 Dodging
 - Level 2.6 Shields


You had one spell level left.
You knew the following spells:

 Your Spells              Type           Power      Damage    Failure   Level
a - Magic Dart            Conj           0%         1d3       100%        1

Your spell library contained the following spells:

 Spells                   Type           Power      Damage    Failure   Level
 Blink                    Tloc           N/A        N/A       100%        2
 Call Imp                 Summ           0%         N/A       100%        2
 Slow                     Hex            0%         N/A       100%        2
 Conjure Flame            Conj/Fire      0%         6-21      100%        3
 Mephitic Cloud           Conj/Pois/Air  0%         N/A       100%        3


Dungeon Overview and Level Annotations

Branches:
Dungeon (2/15)

Altars:

Annotations:
D:2 Crazy Yiuf


Innate Abilities, Weirdness & Mutations

You are partially covered in razor-sharp scales. (AC +1, Slay +1)


Message History

You hit the kobold.
You kill the kobold!
You feel very sick.
No target in view!
No target in view!
No target in view!
No target in view!
No target in view!
No target in view!
No target in view!
No target in view!
No target in view!
No target in view!
You start resting.
You feel sick. x7
You are no longer poisoned.
You start resting.
HP restored.
Things that are here:
a +1 dagger of venom; a kobold corpse You now have 49 gold pieces (gained 9).
Found a stone staircase leading up.
Found a mace.
Found a mace.
Found a runed translucent door.
You open the door.
Your scale mail prevents you from hitting Crazy Yiuf.
Crazy Yiuf hits you with a +3 quarterstaff of chaos!
Crazy Yiuf hits you with a +3 quarterstaff of chaos.
You hit Crazy Yiuf.
Crazy Yiuf is moderately wounded.
Crazy Yiuf hits you but does no damage. You block Crazy Yiuf's attack.
You barely miss Crazy Yiuf.
Crazy Yiuf is moderately wounded.
Crazy Yiuf whimpers, "Tosser foot eyeball!"
Crazy Yiuf hits you with a +3 quarterstaff of chaos.
You are electrocuted!
* * * LOW HITPOINT WARNING * * *
It was a potion of invisibility.
You fade into invisibility!
Crazy Yiuf hits you with a +3 quarterstaff of chaos!
You die...

....####......######.##
......<...###.#......##
#########.# #.#.######
### ###.##### #.....#
###########.### ###
###.#.)#.#.......
#...##..#.......##.###
#...g@####......##.#
#)..### ##.#..###.# #
### ###### #.#
##.####### #.###
#..#.....# #....
........#### ### #.###
#.##.##.##.# #.# #.#
#..........# #.# #.#
#..#.##.##.# #.# #.#


You could see Crazy Yiuf.

Vanquished Creatures
  An adder (D:2)
  A dart slug (D:1)
  4 endoplasms
  2 giant cockroaches
  2 goblins (D:1)
  2 hobgoblins (D:1)
  4 jackals
  A quokka (D:2)
  3 ball pythons
  7 bats
  4 frilled lizards
  3 kobolds
34 creatures vanquished.

Notes
Turn   | Place    | Note
-------+----------+-------------------------------------------
     0 | D:1      | Ijustatesigmund the Demonspawn Fighter began the quest for
                  | the Orb.
     0 | D:1      | Reached XP level 1. HP: 18/18 MP: 1/1
   125 | D:1      | Gained mutation: You are partially covered in razor-sharp
                  | scales. (AC +1, Slay +1) [demonic ancestry]
   125 | D:1      | Reached XP level 2. HP: 17/24 MP: 2/2
   777 | D:2      | Found a faded altar of an unknown god.
   782 | D:2      | Reached skill level 1 in Dodging
   782 | D:2      | Reached XP level 3. HP: 22/29 MP: 3/3
  1325 | D:2      | Learned a level 1 spell: Magic Dart
  1556 | D:2      | Found a runed translucent door.
  1557 | D:2      | Noticed Crazy Yiuf
  1564 | D:2      | Slain by Crazy Yiuf

Illustrated notes

Levels and vault maps discovered:
D:1:      scummos_arrival_hexagon, layout_loops_ring, minmay_misc_feat_doors
D:2:      layout_loops_ring, ebering_ecumenical_altar_sacrificial, serial_shops,
          shop, uniq_crazy_yiuf_cottage

Skill      XL: |  1  2 |
---------------+-------+-----
Axes           | 2 |  2.8
Dodging        | 1 |  1.2
Fighting       | |  3.4
Armour         | |  2.6
Shields        | |  2.6

Action                   || total
-------------------------++-------
Melee: War axe           ||   101
  Use: Potion            ||     1
Armor: Scale mail        ||    80
Dodge: Dodged            ||    53
Block: Kite shield       ||    62

Table legend: (Time is in decaauts)
 A = Elapsed time spent in this place.
 B = Non-inter-level travel time spent in this place.
 C = Inter-level travel time spent in this place.
 D = Time resting spent in this place.
 E = Time spent auto-exploring this place.
 F = Levels seen in this place.
 G = Mean time per level.
                   A        B        C        D        E       F      G
               +--------+--------+--------+--------+--------+-----+--------+
         Total |   1627 |   1606 |     21 |    393 |    950 |   2 |  813.5 |
       Dungeon |   1627 |   1606 |     21 |    393 |    950 |   2 |  813.5 |
               +--------+--------+--------+--------+--------+-----+--------+

Top non-repeatable levels by time:
     D:2: 820 daAuts
     D:1: 806 daAuts
